 Dungeon Crawl Stone Soup version 0.32-a0-131-g9dbbe29261 (webtiles) character file.

Game seed: 12657468606450727244

2 Esekla the Sneak (level 1, 0/16 HPs)
             Began as an Octopode Delver on Feb 8, 2024.
             Was an Initiate of Gozag.
             Slain by a scorpion (7 damage)
             ... on level 5 of the Dungeon.
             The game lasted 00:02:32 (135 turns).

Esekla the Sneak (Octopode Delver)                   Turns: 135, Time: 00:02:32

Health: 0/16       AC:  1    Str: 11    XL:     1   Next: 30%
Magic:  1/1        EV: 13    Int: 12    God:    Gozag
Gold:   3          SH:  0    Dex: 13    Spells: 0/0 levels left

rFire   . . .        a - +0 falchion
rCold   . . .        (no shield)
rNeg    . . .        (helmet restricted)
rPois   .            (no amulet)
rElec   .            (no ring)
rCorr   .            (no ring)
SInv    .            (no ring)
Will    .....        (no ring)
Stlth   ++           (no ring)
HPRegen 0.22/turn    (no ring)
MPRegen 0.07/turn    (no ring)
                     (no ring)

%: no passive effects
@: confused
A: almost no armour, amphibious, 8 rings, camouflage 1, gelatinous body 1,
(nimble swimmer 1), tentacles
a: Renounce Religion, Potion Petition, Call Merchant, Bribe Branch


You were on level 5 of the Dungeon.
You worshipped Gozag.
Gozag was noncommittal.
You visited 2 branches of the dungeon, and saw 2 of its levels.

You collected 7 gold pieces.
You paid 4 gold pieces to Gozag.

Inventory:

Hand Weapons
 a - a +0 falchion (weapon)
Wands
 f - a wand of digging (2)
Scrolls
 b - a scroll of fog


   Skills:
 * Level 3.0 Fighting
 + Level 2.0 Long Blades
 * Level 2.0 Dodging
 + Level 6.6 Stealth


You couldn't memorise any spells.
You didn't know any spells.
Your spell library contained the following spells:

 Spells                   Type           Power      Damage    Failure   Level
 Tukima's Dance           Hex            0%         N/A       69%         3
 Passage of Golubria      Tloc           0%         N/A       97%         4
 Yara's Violent Unravell  Hex/Alch       0%         3d3       100%        5


Dungeon Overview and Level Annotations

Branches:
Dungeon (5/15)             Temple (1/1) D:5

Altars:
Cheibriados
Dithmenos
Elyvilon
Fedhas
Gozag
Hepliaklqana
Makhleb
Nemelex Xobeh
Qazlal
Ru
Trog
Uskayaw
Wu Jian
Xom
Zin

Portals:
Ossuary: D:5


Innate Abilities, Weirdness & Mutations

You cannot wear most types of armour.
You are amphibious.
You can wear up to eight rings at the same time.
Your skin changes colour to match your surroundings (Stealth+).
Your rubbery body absorbs attacks. (AC +1, EV +1)
((You are camouflaged when in or above water. (Stealth+)))
You have tentacles for arms and can constrict up to eight enemies at once.


Message History

The orc wizard gestures wildly while chanting.
The orc wizard flickers and vanishes!
Deactivating autopickup; reactivate with Ctrl-A.
The scorpion attacks as it pursues you! The scorpion closely misses you.
The scorpion attacks as it pursues you! The scorpion stings you.
Found a staircase to the Ecumenical Temple.
There is a staircase to the Ecumenical Temple here.
You climb downwards.
Welcome to the Ecumenical Temple!
Found an opulent altar of Gozag.
Found a staircase back to the Dungeon.
Reactivating autopickup.
There is a staircase back to the Dungeon here.
Found a glowing silver altar of Zin and a shadowy altar of Dithmenos.
There is an opulent altar of Gozag here.
You curl up in front of the altar of Gozag.
Gozag welcomes you!
You pay a service fee of 4 gold.
Okay, then.
You aren't carrying any potions.
Unknown command.
Press < or > to pray at altars.
You start resting.
Your extra speed is starting to run out.
You start resting.
You feel yourself slow down.
You start resting.
HP restored.
There is a staircase back to the Dungeon here.
You climb upwards.
You hear the sound of rushing water.
There is an entrance to a sewer on this level.
Hurry and find it before the portal rusts away!
You hear the hiss of flowing sand.
There is an entrance to an ossuary on this level.
Hurry and find it before the portal is buried!
You hear the slow rusting of a very distant drain.
You hear the slow hiss of a very distant avalanche of sand.
The scorpion stings you. The orc hits you with a +0 hand axe!
The orc wizard casts a spell at you.
You are confused.
The orc barely misses you. The scorpion stings you!
You die...
Your body crumbles into a pile of gold.

#############
#≈§≈≈≈§≈≈≈≈≈#
#≈≈≈≈≈≈≈≈≈≈≈#
#≈≈≈≈≈§§≈≈≈≈#
#≈≈≈#####≈≈≈#
#≈≈≈#...#≈≈≈#
#≈≈≈#o@s#≈≈≈#
#≈≈≈#..o#≈≈≈#
###*#≈≈≈##.##≈≈≈#
#...#≈≈≈≈#.#≈≈≈§#
#...#≈≈≈§#.#≈§≈≈#
#...#≈≈≈≈#.#≈≈≈≈#
***
#...######.######
~,***##.....o..o.#
,,,,*#....o.######


You could see a scorpion, an orc wizard and 2 orcs.

Vanquished Creatures
  An orc (D:5)
1 creature vanquished.

Notes
Turn   | Place    | Note
-------+----------+-------------------------------------------
     0 | D:5      | Esekla the Octopode Delver began the quest for the Orb.
     0 | D:5      | Reached XP level 1. HP: 16/16 MP: 1/1
    15 | D:5      | Noticed a water moccasin
    20 | D:5      | Noticed a howler monkey
    29 | D:5      | Found a sand-covered staircase.
    47 | D:5      | Noticed an ogre
    48 | D:5      | Noticed a gnoll bouda
    62 | D:5      | Noticed an iguana
    65 | D:5      | Noticed an orc wizard
    66 | D:5      | Noticed a scorpion
    78 | D:5      | Found a staircase to the Ecumenical Temple.
    87 | Temple   | Entered the Ecumenical Temple
    93 | Temple   | Became a worshipper of Gozag Ym Sagoz the Greedy
   135 | D:5      | Slain by a scorpion

Illustrated notes

Levels and vault maps discovered:
D:5:      kennysheep_steamy, layout_rooms, tso_altar,
          minmay_temple_entry_poolview, nicolae_ossuary_entry_ruins,
          portal_sewer_entry_d
Temple:   eino_wide_crystal_templ

Action                     || total
---------------------------++-------
  Melee: Falchion          ||     1
         Constrict         ||     1
         Tentacles         ||     1
  Evoke: Wand              ||     1
    Use: Scroll            ||     2
         Potion            ||     1
 Armour: Skin              ||     6
  Dodge: Dodged            ||     6

Table legend: (Time is in decaauts)
 A = Elapsed time spent in this place.
 B = Non-inter-level travel time spent in this place.
 C = Inter-level travel time spent in this place.
 D = Time resting spent in this place.
 E = Time spent auto-exploring this place.
 F = Levels seen in this place.
 G = Mean time per level.
                   A        B        C        D        E       F      G
               +--------+--------+--------+--------+--------+-----+--------+
         Total |    115 |    115 |      0 |     31 |      0 |   2 |   57.5 |
       Dungeon |     75 |     75 |      0 |      0 |      0 |   1 |   75.0 |
        Temple |     40 |     40 |      0 |     31 |      0 |   1 |   40.0 |
               +--------+--------+--------+--------+--------+-----+--------+

Top non-repeatable levels by time:
     D:5: 75 daAuts
  Temple: 40 daAuts
